 Dungeon Crawl Stone Soup version 0.27-a0-972-gd1521fd518 (webtiles) character file.

Game seed: 4678547137317762245

43 siradein the Chopper (level 3, -3/31 HPs)
             Began as a Ghoul Fighter on Apr 13, 2021.
             Slain by an ogre
             ... wielding a +0 giant club
              (11 damage)
             ... on level 2 of the Dungeon.
             The game lasted 00:02:50 (1365 turns).

siradein the Chopper (Ghoul Fighter)                Turns: 1365, Time: 00:02:51

Health: -3/31      AC:  6    Str: 19    XL:     3   Next: 58%
Magic:  2/2        EV:  7    Int:  3    God:
Gold:   102        SH:  8    Dex:  9    Spells: 2/2 levels left

rFire    . . .     SeeInvis .   a - +0 war axe
rCold    + + .     Faith    +   c - +0 kite shield
rNeg     + + +     Spirit   .   b - +0 scale mail
rPois    ∞         Reflect  .   (no helmet)
rElec    .         Harm     .   (no cloak)
rCorr    .         Rampage  .   (no gloves)
Will     .....                  (no boots)
Stlth    ..........             l - amulet of faith
HPRegen  0.00/turn              f - ring of protection from cold
MPRegen  0.08/turn              (no ring)

@: no status effects
A: claws 1, cold resistance 1, negative energy resistance 3, inhibited
regeneration, torment resistance 2, unbreathing 1
a: no special abilities


You were on level 2 of the Dungeon.
You visited 1 branch of the dungeon, and saw 2 of its levels.

You collected 102 gold pieces.

Inventory:

Hand Weapons
 a - a +0 war axe (weapon)
Missiles
 e - 29 poisoned darts (quivered)
Armour
 b - a +0 scale mail (worn)
 c - a +0 kite shield (worn)
Jewellery
 f - a ring of protection from cold (left claw)
 l - an amulet of faith (around neck)
Scrolls
 i - a scroll of identify {unknown}
Potions
 d - a potion of might
 g - 3 potions of brilliance {unknown}
 h - a potion of lignification {unknown}
 j - a potion of curing {unknown}
 k - 2 potions of heal wounds {unknown}


   Skills:
 - Level 3.2 Fighting
 + Level 3.5 Axes
 - Level 2.6 Armour
 - Level 2.6 Shields


You had 2 spell levels left.
You didn't know any spells.
Your spell library was empty.

Dungeon Overview and Level Annotations

Branches:
Dungeon (2/15)

Altars:


Innate Abilities, Weirdness & Mutations

You thrive by killing the living.
You are immune to poison.
You have sharp fingernails.
Your flesh is cold resistant. (rC+)
You are immune to negative energy. (rN+++)
You do not regenerate when monsters are visible.
You are immune to unholy pain and torment.
You can survive without breathing.


Message History

You slash the hobgoblin!
You kill the hobgoblin!
No target in view!
No target in view!
No target in view!
You see here a hobgoblin corpse.
Found 22 stones.
Found an escape hatch in the ceiling.
An ogre comes into view. It is wielding a +0 giant club.
The ogre shouts!
An ogre is nearby!
An ogre is nearby!
An ogre is nearby!
An ogre is nearby!
A ball python comes into view.
The ball python hisses angrily.
The ball python completely misses you. You block the ball python's attack.
The ball python bites you but does no damage.
The ball python grabs you. The ball python constricts you.
You escape the ball python's grasp.
You barely miss the ball python.
The ball python bites you but does no damage.
The ball python closely misses you.
The ball python bites you but does no damage.
You block the ball python's attack.
You hit the ball python.
You kill the ball python!
You hit the ogre.
The ogre is lightly wounded.
You block the ogre's attack.
You slash the ogre!
The ogre is heavily wounded.
The ogre hits you with a +0 giant club!!
Ouch! That really hurt!
* * * LOW HITPOINT WARNING * * *
The ogre barely misses you.
You slash the ogre!
The ogre is almost dead.
The ogre hits you with a +0 giant club!
You die...

#...#.# #.###.
#.#.#.# #.# #.
#.#.#.# #.# #.
####†#.#.# #.# #.
#......#.# #.# #.
#.#....#.####.# #.
#.............# #.
#. #O#.####.######
#. .. #. #@#.#
#....(... .#.. .#.
#.#.# #########
.#.#...#.# ####.#.#
.#.#...#.# #....#.#
.#.#...#.# #....#.#
.#.#.#.#.####....#.#
.....#.#....'....#
..........#.#....#
.......#..#.####.#


You could see an ogre.

Vanquished Creatures
  3 dart slugs
  5 ball pythons
  2 bats
  4 endoplasms (D:1)
  A giant cockroach (D:2)
  5 goblins
  5 hobgoblins
  2 kobolds (D:1)
  A quokka (D:1)
  2 rats (D:1)
30 creatures vanquished.

Notes
Turn   | Place    | Note
-------+----------+-------------------------------------------
     0 | D:1      | siradein the Ghoul Fighter began the quest for the Orb.
     0 | D:1      | Reached XP level 1. HP: 19/19 MP: 0/0
    75 | D:1      | Found a faded altar of an unknown god.
    82 | D:1      | Reached XP level 2. HP: 26/26 MP: 1/1
   633 | D:1      | Reached XP level 3. HP: 31/31 MP: 2/2
  1334 | D:2      | Noticed an ogre
  1365 | D:2      | Slain by an ogre

Illustrated notes

Levels and vault maps discovered:
D:1:      evilmike_arrival_hilbert_curve, layout_basic,
          hellmonk_ecumenical_altar_arch_garden
D:2:      layout_basic, minmay_split_cup_small

Skill      XL: |  1  2 |
---------------+-------+-----
Axes           | 2 3 |  3.5
Fighting       | |  3.2
Armour         | |  2.6
Shields        | |  2.6

Action                   || total
-------------------------++-------
Melee: War axe           ||    78
Armor: Scale mail        ||    49
Dodge: Dodged            ||    39
Block: Kite shield       ||    44

Table legend: (Time is in decaauts)
 A = Elapsed time spent in this place.
 B = Non-inter-level travel time spent in this place.
 C = Inter-level travel time spent in this place.
 D = Time resting spent in this place.
 E = Time spent auto-exploring this place.
 F = Levels seen in this place.
 G = Mean time per level.
                   A        B        C        D        E       F      G
               +--------+--------+--------+--------+--------+-----+--------+
         Total |   1410 |   1370 |     40 |      0 |   1135 |   2 |  705.0 |
       Dungeon |   1410 |   1370 |     40 |      0 |   1135 |   2 |  705.0 |
               +--------+--------+--------+--------+--------+-----+--------+

Top non-repeatable levels by time:
     D:1: 1103 daAuts
     D:2: 307 daAuts
